 Dungeon Crawl Stone Soup version 0.24-a0-434-gd57e52fea8 (webtiles) character file.

Game seed: 16302643760339229643

88 Azzok the Shield-Bearer (level 4, -1/35 HPs)
             Began as a Formicid Fighter on June 16, 2019.
             Slain by Natasha (7 damage)
             ... on level 2 of the Dungeon.
             The game lasted 00:01:47 (1713 turns).

Azzok the Shield-Bearer (Formicid Fighter)          Turns: 1713, Time: 00:01:47

Health: -1/35      AC:  6    Str: 22    XL:     4   Next: 82%
Magic:  4/4        EV:  8    Int:  7    God:
Gold:   87         SH: 10    Dex: 10    Spells: 3/3 levels left

rFire    . . .     SeeInvis +   a - +0 war axe
rCold    . . .     Gourm    .   c - +0 shield
rNeg     . . .     Faith    .   b - +0 scale mail
rPois    .         Spirit   .   (helmet unavailable)
rElec    .         Reflect  .   (no cloak)
rCorr    .         Harm     .   (no gloves)
MR       .....                  (no boots)
Stlth    ..........             (no amulet)
HPRegen  0.11/turn              (no ring)
MPRegen  0.09/turn              (no ring)

@: no status effects
A: permanent stasis, dig shafts and tunnels, four strong arms, antennae 3
a: Dig, Shaft Self


You were on level 2 of the Dungeon.
You were not hungry.

You visited 1 branch of the dungeon, and saw 2 of its levels.

You collected 87 gold pieces.

Inventory:

Hand Weapons
 a - a +0 war axe (weapon)
Missiles
 h - a throwing net (quivered)
Armour
 b - a +0 scale mail (worn)
 c - a +0 shield (worn)
Scrolls
 g - a scroll of enchant armour {unknown}
 j - a scroll of blinking {unknown}
 k - 2 scrolls of identify {unknown}
Potions
 d - a potion of might
 e - a potion of magic {unknown}
 i - a potion of berserk rage {unknown}
 l - a potion of curing
 m - 2 potions of brilliance {unknown}
 n - a potion of degeneration {unknown}
Comestibles
 f - 3 rations
 o - 2 chunks of flesh


   Skills:
 - Level 3.2 Fighting
 + Level 3.5 Axes
 - Level 3.2 Armour
 + Level 5.1 Shields


You had 3 spell levels left.
You didn't know any spells.
Your spell library contained the following spells:

 Spells                   Type           Power        Failure   Level  Hunger
 Animate Skeleton         Necr           N/A          95%         1    ##.....
 Apportation              Tloc           #.....       95%         1    ##.....
 Confusing Touch          Hex            #.....       95%         1    ##.....
 Summon Small Mammal      Summ           #...         95%         1    ##.....


Dungeon Overview and Level Annotations

Branches:
Dungeon (2/15)

Altars:

Annotations:
D:2 Natasha


Innate Abilities, Weirdness & Mutations

You cannot be hasted, slowed, berserked, paralysed or teleported.
You can dig through walls and to a lower floor.
Your four strong arms can wield two-handed weapons with a shield.
You have a pair of large antennae on your head. (SInv)


Message History

Natasha casts a spell at you. The magic dart hits you.
* * * LOW HITPOINT WARNING * * *
The crimson imp hits you.
* * * LOW HITPOINT WARNING * * *
You barely miss Natasha. You barely miss the crimson imp.
Natasha casts a spell at you. You resist with some effort.
You block the crimson imp's attack.
You slash Natasha!
Natasha is severely wounded.
You miss the crimson imp. Natasha claws you.
* * * LOW HITPOINT WARNING * * *
The crimson imp blinks!
You block Natasha's attack.
You barely miss Natasha.
Natasha is severely wounded.
Natasha barely misses you.
You hit Natasha but do no damage.
Natasha is severely wounded.
You block Natasha's attack. Natasha claws you!
You die...

{ ▒▒▒▒▒▒▒▒ ▒······· ▒
▒·······
▒▒▒·▒▒▒▒▒▒▒▒▒▒▒·······
▒···h@···$············
▒·······†·············
▒·····················
▒·····················
▒········5············
▒·····················
▒·····················
▒··············▒▒▒▒▒▒▒
▒··············▒


You could see Natasha and a crimson imp.

Vanquished Creatures
  Natasha (twice) (D:2)
  An ooze (D:2)
  3 leopard geckos (D:1)
  4 bats (D:1)
  2 giant cockroaches (D:1)
  7 goblins
  3 hobgoblins (D:1)
  4 frilled lizards
  3 kobolds (D:1)
  4 rats (D:1)
33 creatures vanquished.

Notes
Turn   | Place    | Note
-------+----------+-------------------------------------------
     0 | D:1      | Azzok the Formicid Fighter began the quest for the Orb.
     0 | D:1      | Reached XP level 1. HP: 18/18 MP: 1/1
   310 | D:1      | Reached XP level 2. HP: 22/24 MP: 2/2
   344 | D:1      | Reached skill level 4 in Shields
   703 | D:1      | Reached XP level 3. HP: 29/29 MP: 3/3
  1404 | D:2      | Noticed Natasha
  1425 | D:2      | Killed Natasha
  1425 | D:2      | Reached XP level 4. HP: 16/35 MP: 4/4
  1674 | D:2      | Noticed Natasha
  1683 | D:2      | Killed Natasha
  1683 | D:2      | Reached skill level 5 in Shields
  1700 | D:2      | Noticed Natasha
  1713 | D:2      | Slain by Natasha

Levels and vault maps discovered:
D:1:      lightli_arrival_farm, layout_basic
D:2:      layout_basic, serial_rivers, chequers_serial_rivers_large_a,
          chequers_serial_rivers_small_b, chequers_serial_rivers_micro_d,
          chequers_serial_rivers_micro_c, corner_web_ring, uniq_natasha

Skill      XL: |  1  2  3  4 |
---------------+-------------+-----
Shields        | 4 5 |  5.1
Axes           | 3 |  3.5
Fighting       | |  3.2
Armour         | |  3.2

Action                   |  1- 3 |  4- 6 || total
-------------------------+-------+-------++-------
Melee: War axe           |    99 |    27 ||   126
  Eat: Chunk             |     2 |     1 ||     3
Armor: Scale mail        |    36 |     3 ||    39
Dodge: Dodged            |    37 |     7 ||    44
Block: Shield            |    46 |    14 ||    60

Table legend:
 A = Non-vault XP
 B = Vault XP
 C = Vault XP percentage of total XP
 D = Non-vault monster count
 E = Vault monster count
 F = Vault count percentage of total count
                 A         B        C        D         E       F
            +---------+---------+-------+---------+---------+-------
      Total |      94 |      33 |  26.0 |      32 |       1 |   3.0
            +---------+---------+-------+---------+---------+-------
        D:1 |      45 |       0 |   0.0 |      26 |       0 |   0.0
        D:2 |      49 |      33 |  40.2 |       6 |       1 |  14.3
            +---------+---------+-------+---------+---------+-------
